[Event "Titled Tuesday Blitz January 10 Early 2023"]
[White "Kamsky, Gata"]
[Black "Guzman, Christopher"]
[WhiteFideId "2000024"]
[BlackFideId "6405096"]
[WhiteElo "2665"]
[BlackElo "2271"]
[Result "1-0"]
[Round "02"]
[TimeControl "180+2"]
[Date "2023.01.10"]
[WhiteClock "0:01:08"]
[BlackClock "0:01:47"]

1. e4 c6 2. d4 d5 3. exd5 cxd5 4. Bd3 Nf6 5. c3 Nc6 6. Bf4 Bg4 7. Qb3 Na5 8. Qa4+ Bd7 9. Qc2 Qb6 10. Nf3 Rc8 11. O-O Bb5 12. Bxb5+ Qxb5 13. Na3 Qb6 14. Qa4+ Nc6 15. Qb3 Qxb3 16. axb3 a6 17. b4 e6 18. b5 axb5 19. Nxb5 Be7 20. Na7 Rd8 21. Bc7 Rd7 22. Nxc6 bxc6 23. Ra8+ Bd8 24. Bb6 Ke7 25. Bc5+ Ke8 26. Ne5 Rb7 27. Nxc6 Kd7 28. Ne5+ Ke8 29. Bb4 Rb5 30. Rfa1 Nd7 31. Nc6 1-0


[Site "https://www.chess.com"]

[Event "Titled Tuesday Blitz January 10 Early 2023"]
[White "Maksimenko, Viktor"]
[Black "Ivic, Velimir"]
[WhiteFideId "13710478"]
[BlackFideId "950122"]
[WhiteElo "2196"]
[BlackElo "2595"]
[Result "0-1"]
[Round "02"]
[TimeControl "180+2"]
[Date "2023.01.10"]
[WhiteClock "0:00:02"]
[BlackClock "0:00:11"]

1. d4 Nf6 2. c4 g6 3. Nc3 Bg7 4. e4 d6 5. h3 O-O 6. Be3 Nc6 7. d5 Ne5 8. f4 Ned7 9. g4 c6 10. Nf3 cxd5 11. cxd5 b6 12. Nd4 Nc5 13. Bg2 Ba6 14. Nc6 Qe8 15. Nb4 Bc4 16. b3 Nxg4 17. Bd4 Ne3 18. Bxe3 Bxc3+ 19. Bd2 Bxa1 20. Qxa1 Nd3+ 21. Nxd3 Bxd3 22. Qd4 Ba6 23. f5 Qc8 24. Bh6 f6 25. Bf3 Qc5 26. Qd2 Rfc8 27. fxg6 hxg6 28. Bg4 Qc3 29. Bxc8 Rxc8 30. Rg1 Kf7 31. Be3 Qxd2+ 32. Kxd2 Rh8 33. Rh1 Rh4 34. a4 Rxe4 35. a5 bxa5 36. Ra1 a4 37. bxa4 Re5 38. Bxa7 Rxd5+ 39. Kc3 Rh5 40. Kb4 Rxh3 41. Ka5 Bc4 42. Kb4 d5 43. a5 e5 44. a6 Rb3+ 45. Kc5 Ke6 46. Bb6 Bxa6 47. Rxa6 Rc3+ 48. Kb4 Rc4+ 49. Kb3 Rc6 50. Kb4 d4 51. Kb5 Rd6 52. Ra3 g5 53. Bc5 Rd7 54. Kc4 g4 55. Kd3 Kd5 56. Bb4 e4+ 57. Kd2 Ke5 58. Ra5+ Kf4 59. Ke2 d3+ 60. Ke1 e3 61. Bc3 f5 62. Ra4+ Kf3 63. Be5 d2+ 64. Kd1 e2+ 0-1


[Site "https://www.chess.com"]

[Event "Titled Tuesday Blitz January 10 Early 2023"]
[White "Moroni, Luca Jr"]
[Black "Royal, Shreyas"]
[WhiteFideId "865834"]
[BlackFideId "448869"]
[WhiteElo "2535"]
[BlackElo "2438"]
[Result "1-0"]
[Round "02"]
[TimeControl "180+2"]
[Date "2023.01.10"]
[WhiteClock "0:00:06"]
[BlackClock "0:00:40"]

1. d4 d5 2. Bf4 Nf6 3. e3 c5 4. dxc5 Nc6 5. Bb5 Qa5+ 6. Nc3 a6 7. Bxc6+ bxc6 8. Qd4 Ne4 9. b4 Qa3 10. Nxe4 dxe4 11. Ne2 Bf5 12. O-O f6 13. Bc7 Kf7 14. Ng3 e5 15. Qd2 Be6 16. Nxe4 Bd5 17. Nd6+ Bxd6 18. cxd6 Ra7 19. Rfc1 Qb2 20. f3 f5 21. Qd3 e4 22. fxe4 fxe4 23. Rf1+ Ke6 24. Qe2 h5 25. a3 Raa8 26. h3 Rag8 27. Rad1 Qc3 28. Rd4 Kd7 29. Qd2 Qxa3 30. c4 Be6 31. Rxe4 Rf8 32. Rd1 Rf6 33. b5 axb5 34. cxb5 cxb5 35. Qe2 Qb3 36. Rc1 Rhf8 37. Qxh5 Qb2 38. Qc5 Ke8 39. d7+ Kf7 40. d8=Q Rxd8 41. Bxd8 Rf5 42. Qc7+ Kg8 43. Rxe6 Qf2+ 44. Kh1 Rf3 45. Re8+ Kh7 46. Qc2+ 1-0


[Site "https://www.chess.com"]

[Event "Titled Tuesday Blitz January 10 Early 2023"]
[White "Sanal, Vahap"]
[Black "Yaksin, Oleg"]
[WhiteFideId "6300545"]
[BlackFideId "24105880"]
[WhiteElo "2600"]
[BlackElo "2389"]
[Result "1-0"]
[Round "02"]
[TimeControl "180+2"]
[Date "2023.01.10"]
[WhiteClock "0:00:49"]
[BlackClock "0:00:26"]

1. e4 c5 2. Nc3 Nc6 3. Nge2 g6 4. g3 Bg7 5. Bg2 d6 6. d3 Nf6 7. Bg5 Rb8 8. h3 b5 9. Qd2 h6 10. Be3 b4 11. Nd1 a5 12. O-O Ba6 13. f4 Nd7 14. Nf2 Bxb2 15. Rae1 Nd4 16. f5 g5 17. Rb1 Nxe2+ 18. Qxe2 Bc3 19. Ng4 Ne5 20. Nf2 Qc7 21. Nd1 Bd4 22. Kh1 Bb7 23. Bd2 f6 24. c3 bxc3 25. Nxc3 Bxc3 26. Bxc3 Kd7 27. Rfc1 Bc6 28. Ra1 Qa7 29. Qd2 a4 30. d4 cxd4 31. Bxd4 Qa8 32. Re1 Rhc8 33. Rad1 a3 34. Bxe5 fxe5 35. f6 exf6 36. Qxd6+ Ke8 37. Qe6+ Kf8 38. Qxf6+ Kg8 39. Qg6+ Kh8 40. Qxh6+ Kg8 41. Qxg5+ Kh7 42. Qh5+ Kg7 43. Qxe5+ Kg8 44. Rd6 1-0


[Site "https://www.chess.com"]

[Event "Titled Tuesday Blitz January 10 Early 2023"]
[White "Ashraf, Artin"]
[Black "Pultinevicius, Paulius"]
[WhiteFideId "22514805"]
[BlackFideId "12809390"]
[WhiteElo "2314"]
[BlackElo "2537"]
[Result "1-0"]
[Round "02"]
[TimeControl "180+2"]
[Date "2023.01.10"]
[WhiteClock "0:00:08"]
[BlackClock "0:00:22"]

1. d4 d5 2. c4 e6 3. Nf3 a6 4. e3 Nf6 5. b3 c5 6. Bb2 Nc6 7. Nbd2 b6 8. Rc1 Bb7 9. cxd5 exd5 10. Bd3 Bd6 11. O-O O-O 12. Ne5 Qe7 13. Nxc6 Bxc6 14. Qe2 Bb7 15. Rc2 Rfe8 16. Rfc1 Qe6 17. Qf3 Ne4 18. dxc5 bxc5 19. Bxe4 dxe4 20. Qh5 Rad8 21. Ba3 Rd7 22. Bxc5 Bxc5 23. Qxc5 Red8 24. Nf1 g6 25. Qb4 Bc6 26. Rxc6 Qg4 27. h3 Qe2 28. R6c2 Qh5 29. Rd2 Rxd2 30. Nxd2 Qd5 31. Nf1 h5 32. Qc5 Qe6 33. Ng3 h4 34. Ne2 Rd2 35. Nf4 Qf6 36. Qc8+ Kh7 37. a4 Qb2 38. Qc4 Kg8 39. Nxg6 Rxf2 40. Nf4 Qd2 41. Qc3 Qa2 42. Qd4 Rc2 43. Qd8+ Kg7 44. Qg5+ Kf8 45. Rxc2 Qxc2 46. Qxh4 Qxb3 47. Qd8+ Kg7 48. Qd4+ Kg8 49. Qxe4 a5 50. Qd4 Qb1+ 51. Kh2 Qb8 52. h4 Qb3 53. h5 Kh7 54. Qf6 Kg8 55. h6 Kf8 56. h7 1-0


[Site "https://www.chess.com"]

[Event "Titled Tuesday Blitz January 10 Early 2023"]
[White "Zhigalko, Sergei"]
[Black "Pak, Yevgeniy"]
[WhiteFideId "13502956"]
[BlackFideId "14201712"]
[WhiteElo "2572"]
[BlackElo "2384"]
[Result "1-0"]
[Round "02"]
[TimeControl "180+2"]
[Date "2023.01.10"]
[WhiteClock "0:02:22"]
[BlackClock "0:01:36"]

1. e4 e5 2. Nf3 Nc6 3. Bc4 Bc5 4. b4 Bxb4 5. c3 Be7 6. d4 d6 7. Qb3 Na5 8. Bxf7+ Kf8 9. Qa4 Kxf7 10. Qxa5 Bf6 11. dxe5 dxe5 12. O-O Qe7 13. Ba3 b6 14. Qd5+ Qe6 15. Qxa8 1-0


[Site "https://www.chess.com"]

[Event "Titled Tuesday Blitz January 10 Early 2023"]
[White "Lamaze, Simon"]
[Black "Movahed, Sina"]
[WhiteFideId "36069264"]
[BlackFideId "42520835"]
[WhiteElo "2363"]
[BlackElo "2340"]
[Result "0-1"]
[Round "02"]
[TimeControl "180+2"]
[Date "2023.01.10"]
[WhiteClock "0:00:17"]
[BlackClock "0:00:43"]

1. e4 c5 2. Nf3 d6 3. d4 cxd4 4. Nxd4 Nf6 5. Bb5+ Nbd7 6. O-O g6 7. Re1 Bg7 8. c4 O-O 9. Nc3 Nc5 10. Ba4 Bg4 11. f3 Nxa4 12. Nxa4 Bd7 13. Nc3 Rc8 14. b3 h5 15. Be3 h4 16. h3 Nh5 17. Qd2 Qa5 18. Rad1 Rfe8 19. a4 Ng3 20. Nd5 Qxd2 21. Rxd2 e6 22. Nc3 Bf6 23. Kf2 a6 24. Nce2 Nxe2 25. Nxe2 Be7 26. a5 d5 27. cxd5 Bb4 28. d6 Bxa5 29. Red1 Bxd2 30. Rxd2 e5 31. Bg5 Kg7 32. Bxh4 f6 33. Ke1 a5 34. Bf2 b5 35. Bb6 a4 36. bxa4 bxa4 37. Bc7 Ra8 38. Nc3 a3 39. Ra2 Ra6 40. Kd2 Be6 41. Ra1 Rea8 42. Kd3 Kf7 43. h4 Ke8 44. g3 Kd7 45. f4 a2 46. h5 gxh5 47. f5 Bb3 48. Ne2 Ra3 49. Nc1 Bf7+ 50. Kc2 Rxg3 51. Nd3 Rg2+ 52. Kc3 Ra3+ 0-1


[Site "https://www.chess.com"]

[Event "Titled Tuesday Blitz January 10 Early 2023"]
[White "Renjith, Sravan"]
[Black "Kukhmazov, Arsen"]
[WhiteFideId "4306783"]
[BlackFideId "24108260"]
[WhiteElo "2172"]
[BlackElo "2512"]
[Result "0-1"]
[Round "02"]
[TimeControl "180+2"]
[Date "2023.01.10"]
[WhiteClock "0:00:02"]
[BlackClock "0:00:34"]

1. d4 d5 2. Bf4 Nf6 3. e3 c5 4. c3 Nc6 5. Nf3 Qb6 6. Qc1 Bf5 7. Be2 e6 8. O-O h6 9. Nbd2 Rc8 10. Ne5 cxd4 11. Nxc6 dxe3 12. Bxe3 Qxc6 13. Nf3 Bc5 14. Nd4 Bxd4 15. Bxd4 a6 16. Qf4 Kf8 17. g4 Bg6 18. Bxf6 gxf6 19. Qxf6 Rg8 20. h4 h5 21. g5 Qa4 22. f4 Qc2 23. Rae1 Be4 24. f5 exf5 25. Rf2 Qd2 26. Ref1 Qe3 27. Qd6+ Ke8 28. Bxh5 Rc6 29. Qb8+ Kd7 30. Qxb7+ Rc7 31. Qb4 Qg3+ 0-1


[Site "https://www.chess.com"]

[Event "Titled Tuesday Blitz January 10 Early 2023"]
[White "Shimanov, Aleksandr"]
[Black "Fiorito, Joaquin"]
[WhiteFideId "4198603"]
[BlackFideId "180173"]
[WhiteElo "2581"]
[BlackElo "2405"]
[Result "1-0"]
[Round "02"]
[TimeControl "180+2"]
[Date "2023.01.10"]
[WhiteClock "0:01:01"]
[BlackClock "0:00:04"]

1. e4 c6 2. d4 d5 3. Nc3 dxe4 4. Nge2 Bf5 5. Ng3 Bg6 6. Ncxe4 Nf6 7. Nxf6+ exf6 8. h4 h6 9. h5 Bh7 10. Bd3 Bxd3 11. Qxd3 Bd6 12. Nf5 O-O 13. Rh4 Re8+ 14. Kf1 Bf8 15. Rg4 Kh8 16. Bd2 Nd7 17. Qg3 Qb6 18. Nxg7 Bxg7 19. Rxg7 Qb5+ 20. Kg1 Qxh5 21. Rg4 Rg8 22. Rh4 Rxg3 23. Rxh5 Rg6 24. Bxh6 Kg8 25. Re1 Rd8 26. Re7 Nb6 27. c3 Rd7 28. Re8+ Kh7 29. Bf4+ Kg7 30. Rhh8 f5 31. Rhg8+ Kf6 32. Be5+ Kg5 33. Rh8 f6 34. Bf4+ Kxf4 35. g3+ Kg5 36. f4+ Kg4 37. Kg2 1-0


[Site "https://www.chess.com"]

[Event "Titled Tuesday Blitz January 10 Early 2023"]
[White "Iskusnyh, Sergei"]
[Black "Baskakov, Egor"]
[WhiteFideId "4120027"]
[BlackFideId "24197866"]
[WhiteElo "2440"]
[BlackElo "2215"]
[Result "0-1"]
[Round "02"]
[TimeControl "180+2"]
[Date "2023.01.10"]
[WhiteClock "0:00:11"]
[BlackClock "0:00:17"]

1. d4 Nf6 2. c4 e6 3. g3 d5 4. Nf3 Be7 5. Bg2 O-O 6. O-O Ne4 7. Qc2 f5 8. Nbd2 c6 9. Ne5 Bd7 10. Ndf3 Be8 11. Nd3 Nd7 12. b3 g5 13. Bb2 Rc8 14. Rad1 Bh5 15. Nfe5 Nxe5 16. Nxe5 Nf6 17. f3 Nd7 18. Nd3 f4 19. Bh3 Rf6 20. gxf4 gxf4 21. Kh1 Bd6 22. Rg1+ Kh8 23. Nc5 Qe7 24. Nxb7 Bb8 25. cxd5 exd5 26. Nc5 Bg6 27. Qd2 Bf5 28. Bxf5 Rxf5 29. Nxd7 Qxd7 30. Rg4 Re8 31. Rdg1 Rf7 32. Ba3 Bd6 33. Bxd6 Qxd6 34. Qd3 Qe6 35. R1g2 Qf6 36. Rg5 Rfe7 37. R5g4 Re3 38. Qc2 Qxd4 39. Qxc6 Qa1+ 40. Rg1 Qe5 41. Rg7 Qxg7 42. Rxg7 Kxg7 43. Qc7+ Kg8 44. Qxf4 Rxe2 45. Qg5+ Kf7 46. Qxd5+ Kf6 47. Qd4+ Kf5 48. Qg4+ Kf6 49. Qf4+ Kg7 50. Qg5+ Kf7 51. Qf5+ Kg7 52. Qd7+ R8e7 53. Qd4+ Kf7 54. h4 Rxa2 55. Qf4+ Ke8 56. Qb8+ Kf7 57. Qf4+ Kg7 58. Qg5+ Kf7 59. Qf5+ Ke8 60. Qc8+ Kf7 61. Qf5+ Kg8 62. Qg5+ Kf8 0-1


[Site "https://www.chess.com"]

[Event "Titled Tuesday Blitz January 10 Early 2023"]
[White "Kravtsiv, Martyn"]
[Black "Ginzburg, Yakov"]
[WhiteFideId "14113147"]
[BlackFideId "4157176"]
[WhiteElo "2598"]
[BlackElo "2405"]
[Result "1-0"]
[Round "02"]
[TimeControl "180+2"]
[Date "2023.01.10"]
[WhiteClock "0:00:42"]
[BlackClock "0:00:13"]

1. e4 c5 2. Nf3 e6 3. d4 cxd4 4. Nxd4 Nf6 5. Nc3 Nc6 6. Ndb5 Bb4 7. a3 Bxc3+ 8. Nxc3 d5 9. exd5 exd5 10. Bd3 d4 11. Ne2 O-O 12. O-O h6 13. h3 Be6 14. Bf4 Qd5 15. Qd2 Ne4 16. Bxe4 Qxe4 17. Rfe1 Rad8 18. Ng3 Qg6 19. Rad1 Rd7 20. Kh2 Rfd8 21. Qd3 Qxd3 22. cxd3 Na5 23. Rc1 Nb3 24. Rc2 b6 25. Ne4 Bf5 26. f3 f6 27. Rc6 Bxe4 28. fxe4 Nc5 29. Rd1 Kf7 30. b4 Na4 31. Rd2 Re8 32. Rdc2 Nc3 33. Bd2 Nb5 34. a4 Nd6 35. b5 g5 36. Bb4 Nb7 37. g4 Red8 38. Rf2 Nd6 39. e5 Ne8 40. e6+ 1-0


[Site "https://www.chess.com"]

[Event "Titled Tuesday Blitz January 10 Early 2023"]
[White "Golubev, Mikhail"]
[Black "Svane, Frederik"]
[WhiteFideId "14100983"]
[BlackFideId "12923044"]
[WhiteElo "2461"]
[BlackElo "2600"]
[Result "0-1"]
[Round "02"]
[TimeControl "180+2"]
[Date "2023.01.10"]
[WhiteClock "0:00:03"]
[BlackClock "0:00:34"]

1. e4 c5 2. Nf3 e6 3. d4 cxd4 4. Nxd4 Nc6 5. Nc3 a6 6. Be3 Nf6 7. Bd3 d6 8. f4 Be7 9. Qf3 Bd7 10. O-O-O Rc8 11. g4 Nxd4 12. Bxd4 e5 13. fxe5 dxe5 14. Bxe5 Bxg4 15. Bb5+ Bd7 16. Bxd7+ Nxd7 17. Bxg7 Rg8 18. Bd4 Bg5+ 19. Kb1 Qe7 20. Rhg1 Rg6 21. Nd5 Qe6 22. h4 Bh6 23. h5 Rxg1 24. Rxg1 Rc4 25. Qd3 Rc6 26. Rg8+ Bf8 27. a3 f5 28. Nc3 Qxg8 29. exf5 Qf7 30. Ne4 Kd8 31. Ng5 Qc4 32. Ne6+ Kc8 33. Qd2 Qd5 34. Nxf8 Nxf8 35. Qe3 Nd7 36. f6 Nxf6 0-1


[Site "https://www.chess.com"]

[Event "Titled Tuesday Blitz January 10 Early 2023"]
[White "Ter-Sahakyan, Samvel"]
[Black "Mihajlov, Sebastian"]
[WhiteFideId "13302531"]
[BlackFideId "1512110"]
[WhiteElo "2617"]
[BlackElo "2373"]
[Result "1/2-1/2"]
[Round "02"]
[TimeControl "180+2"]
[Date "2023.01.10"]
[WhiteClock "0:00:08"]
[BlackClock "0:00:10"]

1. d4 d5 2. c4 c6 3. Nc3 Nf6 4. Nf3 dxc4 5. a4 Bf5 6. e3 e6 7. Bxc4 Bb4 8. O-O O-O 9. Qe2 Bg6 10. Ne5 Nbd7 11. Nxg6 hxg6 12. Rd1 Qa5 13. Qc2 Nb6 14. Be2 e5 15. Na2 Bd6 16. Bd2 Qd5 17. a5 Nbd7 18. a6 exd4 19. axb7 Rab8 20. Nb4 Bxb4 21. Bxb4 c5 22. Be1 Qxb7 23. exd4 Qxb2 24. Qxb2 Rxb2 25. Bf3 cxd4 26. Rxd4 Ne5 27. Bd1 Rc8 28. Rb4 Rxb4 29. Bxb4 Nd3 30. Bd2 Ne4 31. Be3 Nc3 32. Bf3 Ne5 33. Bb7 Rb8 34. Rxa7 Nb5 35. Ra8 Rxa8 36. Bxa8 Nc7 37. Bb7 Ne6 38. h4 Nc4 39. Bc1 Nc5 40. Bd5 Nd6 41. Be3 Nce4 42. g3 Nc3 43. Bb3 Nf5 44. Bf4 Ne2+ 45. Kg2 Nxf4+ 46. gxf4 Nxh4+ 47. Kg3 Nf5+ 48. Kg4 Kf8 49. Bc2 Nd4 50. Bd3 Ke7 51. Bc4 Kf6 52. Ba2 Ne2 53. Bc4 Nc3 54. Bb3 Ne4 55. f3 Nf2+ 56. Kg3 Nd3 57. Kg4 Nc5 58. Bc4 Ne6 59. Ba2 Nd4 60. Bc4 Nf5 61. Ba2 Ke7 62. Bb3 Nd4 63. Bc4 f6 64. Ba2 Ne2 65. Bb1 Kf7 66. Ba2+ Kf8 67. Bc4 Nd4 68. Ba2 Nf5 69. Bb1 Nh6+ 70. Kg3 Kf7 71. Ba2+ Ke7 72. Bb1 f5 73. Ba2 Kf6 74. Bb3 g5 75. fxg5+ Kxg5 76. f4+ Kf6 77. Kf3 Nf7 78. Bc4 Nd6 79. Bd3 1/2-1/2


[Site "https://www.chess.com"]

[Event "Titled Tuesday Blitz January 10 Early 2023"]
[White "Manelyuk, Daniil"]
[Black "Durarbayli, Vasif"]
[WhiteFideId "44173920"]
[BlackFideId "13402935"]
[WhiteElo "2302"]
[BlackElo "2627"]
[Result "0-1"]
[Round "02"]
[TimeControl "180+2"]
[Date "2023.01.10"]
[WhiteClock "0:00:04"]
[BlackClock "0:00:06"]

1. e4 c5 2. Nf3 d6 3. d4 cxd4 4. Nxd4 Nf6 5. Nc3 e6 6. Be3 Nc6 7. f3 Be7 8. Qd2 a6 9. g4 O-O 10. O-O-O Nd7 11. Kb1 Nde5 12. g5 Nxd4 13. Qxd4 Nxf3 14. Qa4 Bd7 15. Qb3 b5 16. Be2 Ne5 17. h4 Qa5 18. a3 Rfc8 19. Na2 Qa4 20. Qxa4 bxa4 21. Bd4 Bc6 22. Bxe5 dxe5 23. Bf3 Rab8 24. Kc1 Bc5 25. Rhe1 Bf2 26. Re2 Bxh4 27. Rg2 f6 28. gxf6 Bxf6 29. Nb4 Bb5 30. Bg4 Rb6 31. Nd5 exd5 32. Bxc8 dxe4 33. Bf5 e3 34. Re1 e2 35. Bd3 Bxd3 36. cxd3 e4 37. dxe4 Bxb2+ 38. Kc2 Bxa3 39. Rgxe2 Be7 40. Kd3 a3 41. Kd4 h5 42. e5 h4 43. Rh1 Rh6 44. Kd5 g5 45. e6 g4 46. Kc6 g3 47. Kd7 Rh7 48. Ke8 Rg7 49. Rg2 Kh7 50. Rgg1 Kg6 51. Rf1 g2 52. Rhg1 h3 53. Rf3 Rh7 54. Rxh3 Rxh3 55. Rxg2+ Kf6 56. Rf2+ Kxe6 57. Re2+ Kd6 58. Rxe7 Rh8+ 59. Kf7 Rh7+ 60. Kg8 Rxe7 0-1


[Site "https://www.chess.com"]

[Event "Titled Tuesday Blitz January 10 Early 2023"]
[White "Ohanyan, Emin"]
[Black "Aaditya Dhingra"]
[WhiteFideId "13312022"]
[BlackFideId "25678191"]
[WhiteElo "2444"]
[BlackElo "2027"]
[Result "1-0"]
[Round "02"]
[TimeControl "180+2"]
[Date "2023.01.10"]
[WhiteClock "0:00:08"]
[BlackClock "0:00:36"]

1. e4 c6 2. d4 d5 3. Nc3 dxe4 4. Nxe4 Nf6 5. Nxf6+ exf6 6. Bd3 Bd6 7. Qh5 g6 8. Qh6 Bf8 9. Qe3+ Qe7 10. Ne2 Bg7 11. Qxe7+ Kxe7 12. h4 h5 13. Be3 Na6 14. Bxa6 bxa6 15. O-O-O Bg4 16. Rhe1 Rhe8 17. f3 Kd7 18. Nf4 Bh6 19. Bd2 Bf5 20. d5 c5 21. Ne2 Bxd2+ 22. Kxd2 Rab8 23. b3 g5 24. c4 gxh4 25. Nf4 Rxe1 26. Rxe1 Rg8 27. Rh1 h3 28. gxh3 h4 29. Ke3 Rg3 30. Kf2 Kd6 31. Re1 Bd7 32. Nh5 Rxh3 33. Kg2 a5 34. a4 a6 35. Re2 Bf5 36. Re8 Bg4 37. fxg4 Rxb3 38. Nxf6 Rb4 39. Ra8 Rxc4 40. Rxa6+ Ke5 41. g5 Rxa4 42. d6 Rd4 43. d7 Kf5 44. Ra8 Kxg5 45. Nh7+ Kg4 46. d8=Q h3+ 47. Kf2 Rxd8 48. Rxd8 a4 49. Ra8 c4 50. Rxa4 h2 51. Rxc4+ Kh3 52. Ng5# 1-0


[Site "https://www.chess.com"]

[Event "Titled Tuesday Blitz January 10 Early 2023"]
[White "Arngrimsson, Dagur"]
[Black "Alexakis, Dimitris"]
[WhiteFideId "2301288"]
[BlackFideId "4277023"]
[WhiteElo "2370"]
[BlackElo "2436"]
[Result "0-1"]
[Round "02"]
[TimeControl "180+2"]
[Date "2023.01.10"]
[WhiteClock "0:00:06"]
[BlackClock "0:00:08"]

1. e4 c5 2. Nf3 Nc6 3. d4 cxd4 4. Nxd4 Nf6 5. Nc3 d6 6. Be2 e5 7. Nb3 Be7 8. O-O O-O 9. Kh1 a5 10. a4 Nb4 11. Bf3 d5 12. exd5 Bf5 13. d6 Bxc2 14. dxe7 Qxe7 15. Qe2 Bxb3 16. Bg5 Nc2 17. Rad1 Rad8 18. Bxf6 Qxf6 19. Rxd8 Rxd8 20. Bxb7 Nd4 21. Qa6 Qxa6 22. Bxa6 f5 23. f3 Kf7 24. Kg1 Rb8 25. Re1 Kf6 26. Kf2 Be6 27. Nb5 Bb3 28. Nxd4 exd4 29. Bb5 Rc8 30. Re2 f4 31. Rd2 Ke5 32. g3 g5 33. h4 h6 34. gxf4+ gxf4 35. Bd7 Rc7 36. Bb5 Kd5 37. Bd3 Rc1 38. Be4+ Kc5 39. Rd3 Bxa4 40. Ra3 Kb4 41. Rd3 Rd1 42. Rxd1 Bxd1 43. Ke1 Bb3 44. Kd2 Bc4 45. Bc2 a4 46. Bd1 d3 0-1


[Site "https://www.chess.com"]

[Event "Titled Tuesday Blitz January 10 Early 2023"]
[White "Indjic, Aleksandar"]
[Black "Rodriguez Fontecha, Marcos"]
[WhiteFideId "911925"]
[BlackFideId "2256576"]
[WhiteElo "2618"]
[BlackElo "2309"]
[Result "1/2-1/2"]
[Round "02"]
[TimeControl "180+2"]
[Date "2023.01.10"]
[WhiteClock "0:00:12"]
[BlackClock "0:00:06"]

1. e3 d5 2. c4 c6 3. Nf3 Nf6 4. Nc3 g6 5. d4 Bg7 6. h3 a6 7. b4 b5 8. cxd5 cxd5 9. a4 bxa4 10. Qxa4+ Bd7 11. Qa3 O-O 12. Bd3 Bf5 13. Bxf5 gxf5 14. b5 a5 15. Ne5 Ne4 16. O-O e6 17. f3 Nd6 18. Qc5 Bxe5 19. dxe5 Nc4 20. Qd4 Nd7 21. e4 fxe4 22. Bh6 Re8 23. fxe4 Qb6 24. Rad1 Qxd4+ 25. Rxd4 Ndxe5 26. exd5 f5 27. dxe6 Rxe6 28. Bf4 Rc8 29. Nd5 Ng6 30. Bc7 Ne3 31. b6 Nxf1 32. b7 Rce8 33. Kxf1 Re1+ 34. Kf2 R1e2+ 35. Kf3 Rb2 36. Nf6+ Kf8 37. Rd7 Ne5+ 38. Bxe5 Rxe5 39. Nxh7+ Ke8 40. Nf6+ Kf8 41. Kf4 Reb5 42. Nh7+ Ke8 43. Nf6+ Kf8 44. Nh7+ Ke8 45. Nf6+ Kf8 1/2-1/2


[Site "https://www.chess.com"]

[Event "Titled Tuesday Blitz January 10 Early 2023"]
[White "Czernek, Tymon"]
[Black "Vakhlamov, Igor L."]
[WhiteFideId "1199510"]
[BlackFideId "24126748"]
[WhiteElo "2314"]
[BlackElo "2413"]
[Result "0-1"]
[Round "02"]
[TimeControl "180+2"]
[Date "2023.01.10"]
[WhiteClock "0:00:06"]
[BlackClock "0:00:17"]

1. e4 c5 2. Nf3 g6 3. d4 cxd4 4. Nxd4 Nc6 5. c4 Nf6 6. Nc3 d6 7. Be2 Nxd4 8. Qxd4 Bg7 9. O-O O-O 10. Qd1 Be6 11. Be3 Qa5 12. Rc1 Rfc8 13. b3 a6 14. f4 b5 15. e5 dxe5 16. fxe5 Nd7 17. Nd5 Bxd5 18. Qxd5 Nxe5 19. cxb5 axb5 20. Bxb5 Qxa2 21. Bc4 e6 22. Qb7 Rab8 23. Qe7 Re8 24. Qc7 Rbc8 25. Qb7 Qa8 26. Qxa8 Rxa8 27. Bb5 Reb8 28. Ba4 Ng4 29. Bc5 Rc8 30. Rfd1 Nf6 31. Bd4 Nd5 32. Bxg7 Kxg7 33. Bc6 Rab8 34. Bxd5 Rxc1 35. Rxc1 exd5 36. Rc3 Kf6 37. Kf2 Ke5 38. Rc7 Rxb3 39. Rxf7 h5 40. h4 Rb2+ 41. Kf3 Rb3+ 42. Kf2 d4 43. Re7+ Kf5 44. Rd7 Ke4 45. Re7+ Kd5 46. Rd7+ Ke5 47. Re7+ Kd5 48. Rd7+ Kc4 49. Rc7+ Kd3 50. Rc6 Rb2+ 51. Kf3 Kd2 52. Rxg6 Rb3+ 53. Kf2 d3 54. g4 hxg4 55. Rxg4 Kc3 56. Rg8 Rb4 57. Rc8+ Kd2 58. h5 Rh4 59. Kg3 Rxh5 60. Rd8 Ke2 61. Re8+ Kd1 62. Kf3 d2 63. Ke3 Rh3+ 64. Kf2 Kc2 65. Rc8+ Rc3 0-1


[Site "https://www.chess.com"]

[Event "Titled Tuesday Blitz January 10 Early 2023"]
[White "Mendez Fortes, Eduardo Jesus"]
[Black "Stribuk, Artiom"]
[WhiteFideId "3502376"]
[BlackFideId "13515659"]
[WhiteElo "2250"]
[BlackElo "2378"]
[Result "0-1"]
[Round "02"]
[TimeControl "180+2"]
[Date "2023.01.10"]
[WhiteClock "0:00:14"]
[BlackClock "0:00:06"]

1. e4 c5 2. Nf3 Nc6 3. d4 cxd4 4. Nxd4 Nf6 5. Nc3 e5 6. Ndb5 d6 7. Bg5 a6 8. Na3 b5 9. Nd5 Be7 10. Bxf6 Bxf6 11. c4 b4 12. Nc2 O-O 13. Qf3 Bg5 14. h4 Bh6 15. g4 Bf4 16. Nxf4 Qf6 17. g5 Qxf4 18. Qxf4 exf4 19. O-O-O Rd8 20. Be2 a5 21. b3 Ne5 22. Kb2 Be6 23. Rd2 Kf8 24. Rhd1 Ke7 25. Nd4 Bd7 26. h5 h6 27. gxh6 gxh6 28. Nc2 f3 29. Bf1 Bc6 30. Re1 Rg8 31. Bh3 Rg5 32. Nd4 Rxh5 33. Nf5+ Kf8 34. Bf1 Rd8 35. Ng3 Rh2 36. c5 Ng4 37. cxd6 Rxf2 38. Rd1 Rxd6 39. Rxf2 Rxd1 40. Rxf3 Bd7 41. Be2 Rd2+ 42. Kc1 Rxa2 43. Rd3 Be6 44. Bxg4 Bxg4 45. Rd5 Be6 46. Rxa5 Rxa5 0-1


[Site "https://www.chess.com"]

[Event "Titled Tuesday Blitz January 10 Early 2023"]
[White "Karttunen, Mika"]
[Black "Ozen, Bahadir"]
[WhiteFideId "502081"]
[BlackFideId "6337058"]
[WhiteElo "2490"]
[BlackElo "2369"]
[Result "0-1"]
[Round "02"]
[TimeControl "180+2"]
[Date "2023.01.10"]
[WhiteClock "0:00:02"]
[BlackClock "0:00:04"]

1. e4 d6 2. d4 Nf6 3. f3 e5 4. Ne2 c6 5. Be3 Be7 6. c4 Nbd7 7. d5 cxd5 8. cxd5 a6 9. Nec3 b5 10. Nd2 Nh5 11. b4 Bg5 12. Bf2 g6 13. Nb3 f5 14. Na5 O-O 15. Nc6 Qe8 16. a4 bxa4 17. Qxa4 Ndf6 18. b5 fxe4 19. Nxe4 Nxe4 20. fxe4 Rxf2 21. Kxf2 Qf7+ 22. Ke1 Be3 23. Qc2 Bg4 24. Bd3 Nf4 25. Rf1 Qc7 26. bxa6 Bc5 27. Bc4 Kg7 28. g3 Nh3 29. Qd2 h6 30. Be2 Bd7 31. Bb5 Ng5 32. Qe2 h5 33. h4 Bg4 34. Qd3 Nh7 35. Kd2 Nf6 36. Rxf6 Kxf6 37. Rf1+ Kg7 38. Kc3 Qb6 39. Kc4 Rxa6 40. Bxa6 Qxa6+ 41. Kc3 Qa3+ 42. Kc4 Qa4+ 43. Kc3 Qa3+ 44. Kc4 Qa2+ 45. Kb5 Be2 0-1


[Site "https://www.chess.com"]

[Event "Titled Tuesday Blitz January 10 Early 2023"]
[White "Kosakowski, Jakub"]
[Black "Melian, Juan Sebastian"]
[WhiteFideId "1185080"]
[BlackFideId "3706575"]
[WhiteElo "2485"]
[BlackElo "2293"]
[Result "1/2-1/2"]
[Round "02"]
[TimeControl "180+2"]
[Date "2023.01.10"]
[WhiteClock "0:00:16"]
[BlackClock "0:00:05"]

1. e4 c5 2. Nf3 e6 3. d4 cxd4 4. Nxd4 a6 5. c4 Nf6 6. Nc3 Bb4 7. Qd3 Qc7 8. a3 Be7 9. Be2 O-O 10. O-O Rd8 11. f4 Nc6 12. Be3 d6 13. b4 Nxd4 14. Bxd4 e5 15. Be3 exf4 16. Bxf4 Be6 17. Rac1 Rac8 18. Nd5 Bxd5 19. exd5 Qd7 20. Rfe1 Re8 21. Bf3 b5 22. c5 dxc5 23. Rxe7 Qxe7 24. d6 c4 25. Qd4 Qd7 26. h3 Re6 27. a4 Rce8 28. axb5 axb5 29. Kh2 Rd8 30. Ra1 h6 31. Ra7 Qe8 32. Qc5 Ne4 33. Qh5 Nxd6 34. Bd5 Rf6 35. Qg4 Nf5 36. Bf3 Ne3 37. Qh4 Nf5 38. Qg4 Ne3 39. Qh4 Nf5 40. Qf2 c3 41. Rc7 Nd4 42. Bh5 g6 43. Bg4 Ne6 44. Bxe6 Qxe6 45. Rxc3 Kh7 46. Rf3 Rd5 47. Bg3 Rxf3 48. Qxf3 Rf5 49. Qb7 Qc4 50. Qe7 h5 51. h4 Qe6 52. Qf8 Qe4 53. Qd6 Qe6 54. Qf8 Qf6 55. Qe8 Kg7 56. Qd7 Qe6 57. Qc7 Kh7 58. Qc3 Rd5 59. Qf3 Rf5 60. Qb7 Qc4 61. Qd7 Qd5 62. Qe7 Qe6 63. Qf8 1/2-1/2


[Site "https://www.chess.com"]